 Dungeon Crawl Stone Soup version 0.25-a0-474-ga8a2ee3166 (console) character file.

Game seed: 7988866582622248386, levelgen mode: deterministic

40306 surprisetrex the Fencer (level 13, -6/124 HPs)
             Began as a Minotaur Berserker on Feb 7, 2020.
             Was an Elder of Trog.
             Engulfed by Sonja the fire crab's flame (21 damage)
             ... on level 6 of the Lair of Beasts.
             The game lasted 01:56:03 (18828 turns).

surprisetrex the Fencer (Minotaur Berserker)       Turns: 18828, Time: 01:56:03

Health: -6/124     AC: 16    Str: 30    XL:     13   Next: 73%
Magic:  7/12       EV: 15    Int:  4    God:    Trog [****..]
Gold:   846        SH:  3    Dex: 17    Spells: 12/12 levels left

rFire    . . .     SeeInvis .   a - +0 triple sword (flame)
rCold    + . .     Gourm    .   (shield currently unavailable)
rNeg     . . .     Faith    .   u - +0 chain mail
rPois    +         Spirit   .   (helmet unavailable)
rElec    .         Reflect  +   q - +2 cloak
rCorr    .         Harm     .   (no gloves)
MR       .....                  (no boots)
Stlth    ..........             E - +3 amulet of reflection
HPRegen  0.30/turn              v - ring of poison resistance
MPRegen  0.13/turn              w - +5 ring of strength

@: agile, berserk cooldown, slowed, heavily drained, very slow
A: retaliatory headbutt, horns 3, cold resistance 1, MP-powered wands
a: Berserk, Trog's Hand, Brothers in Arms, Renounce Religion


You were on level 6 of the Lair of Beasts.
You worshipped Trog.
Trog was greatly pleased with you.
You were near starving.

You visited 3 branches of the dungeon, and saw 19 of its levels.
You also visited: Ice Cave.

You collected 882 gold pieces.
You spent 36 gold pieces at shops.

Inventory:

Hand Weapons
 a - a +0 triple sword of flaming (weapon)
Missiles
 e - 309 stones (quivered)
 L - 2 curare-tipped darts
Armour
 q - a +2 cloak (worn)
 u - a +0 chain mail (worn)
 y - a +2 robe of magic resistance
Jewellery
 i - an uncursed amulet of faith
 v - a ring of poison resistance (left hand)
 w - a +5 ring of strength (right hand)
 E - a +3 amulet of reflection (around neck)
 F - an uncursed ring of stealth
Wands
 n - a wand of polymorph (1)
 r - a wand of disintegration (17)
 t - a wand of digging (4)
 B - a wand of enslavement (12)
Scrolls
 b - a scroll of magic mapping {unknown}
 f - 4 scrolls of amnesia {unknown}
 g - 13 scrolls of identify
 h - a scroll of fog {unknown}
 j - 3 scrolls of enchant armour
 l - a scroll of silence {unknown}
 m - 5 scrolls of teleportation
 p - 2 scrolls of fear {unknown}
 s - 2 scrolls of immolation {unknown}
 A - a scroll of random uselessness {unknown}
 C - 5 scrolls of enchant weapon
 D - 5 scrolls of remove curse
 I - 5 scrolls of blinking {unknown}
Potions
 d - a potion of berserk rage {unknown}
 k - a potion of curing
 o - 5 potions of haste
 x - 2 potions of ambrosia {unknown}
 z - 3 potions of flight
 G - a potion of brilliance
 H - 2 potions of agility
Miscellaneous
 K - a lightning rod (4/4)
Comestibles
 c - 12 rations
 J - 5 chunks of flesh


   Skills:
 - Level 14.0(12.3) Fighting
 + Level 17.7(15.8) Long Blades
 - Level 16.0(14.1) Armour
 - Level 2.1(0.9) Dodging


You had 12 spell levels left.
You didn't know any spells.
Your spell library was empty.

Dungeon Overview and Level Annotations

Branches:
Dungeon (12/15)            Temple (1/1) D:7            Lair (6/6) D:9
 Shoals (0/4) Lair:4        Snake (0/4) Lair:2          Orc (0/2) D:10
  IceCv (visited)
  Slime: Lair:5-6

Altars:
Ashenzari
Cheibriados
Dithmenos
Elyvilon
Fedhas
Gozag
Hepliaklqana
Kikubaaqudgha
Makhleb
Nemelex Xobeh
Okawaru
Qazlal
Ru
Sif Muna
Trog
Uskayaw
Vehumet
Wu Jian
Xom
Yredelemnul
Zin
The Shining One

Shops:
D:4 *   D:8 *

Portals:
Trove: D:10 (give 8 potions of haste)

Annotations:
D:11 2 exclusions
Lair:2 exclusion: electric eel
Lair:5 exclusion: 2 oklob plants
Lair:6 Sonja


Innate Abilities, Weirdness & Mutations

You reflexively headbutt those who attack you in melee.
You have a pair of large horns on your head.
Your flesh is cold resistant. (rC+)
You expend magic power (3 MP) to strengthen your wands.


Message History

Sonja claws you.
* * * LOW HITPOINT WARNING * * *
You are engulfed in flames!
* * * LOW HITPOINT WARNING * * *
You feel better. Sonja bites you.
* * * LOW HITPOINT WARNING * * *
You are engulfed in flames!
* * * LOW HITPOINT WARNING * * *
Sonja claws you!
* * * LOW HITPOINT WARNING * * *
You are engulfed in flames!
* * * LOW HITPOINT WARNING * * *
It was a potion of agility.
You feel agile all of a sudden. Sonja breathes flames at you.
The blast of flame engulfs you but does no damage.
Sonja breathes flames at you.
The blast of flame engulfs you but does no damage.
You feel better.
You are engulfed in blazing flames.
You die...

P.P#..#.......[P...#
......<÷..#..P.....#
.........†.P....=P#
.........#...P...#
...##.#####.....#
.....######.P..P####
....#...##....P#...##
...........†.(#°°°°.#.#.#
.............#†°@t.......
............###°°°)#.....
.P..#..P.P### #####.# ..#
##.######## ## # ##


You could see Sonja the fire crab.

Vanquished Creatures
  Snorg (Lair:5)
  A hydra (Lair:4)
  A vault guard (D:10)
  2 two-headed ogres (D:11)
  A catoblepas (Lair:4)
  Erica (Lair:1)
  6 death yaks
  An obsidian statue (D:9)
  A wolf spider (Lair:1)
  3 ugly things
  A manticore (D:11)
  4 elephants
  2 ice statues (IceCv)
  4 black mambas
  Joseph (D:7)
  5 spiny frogs
  3 komodo dragons
  3 rime drakes
  6 ice devils (IceCv)
  A polar bear (Lair:4)
  3 hornets
  2 trolls
  Grinder (D:5)
  10 blink frogs
  11 hippogriffs
  4 dream sheep (Lair:5)
  2 spriggans
  26 yaks
  A wyvern (Lair:4)
  6 basilisks
  A hungry ghost (D:9)
  An acid dragon (D:11)
  10 water moccasins
  5 porcupines
  A hell hound (Lair:6)
  A swamp drake (D:10)
  3 orc warriors (D:10)
  A hornet zombie (D:11)
  3 sky beasts
  4 ice beasts
  A black bear (Lair:4)
  3 phantoms
  A necrophage (D:7)
  5 ogres
  5 wolves
  7 centaurs
  8 crocodiles
  2 big kobolds
  A gnoll sergeant (D:6)
  16 bullfrogs
  A wyvern zombie (D:11)
  4 scorpions
  6 killer bees (D:11)
  11 wights
  2 howler monkeys
  5 crimson imps
  4 bullfrog zombies
  4 hounds
  2 quasits
  9 orc priests
  A centaur skeleton (D:8)
  A gnoll shaman (D:5)
  4 jellies
  9 orc wizards
  A centaur zombie (D:6)
  3 iguanas
  6 worker ants
  A hound skeleton (D:9)
  A howler monkey zombie (D:8)
  2 worker ant zombies
  7 gnolls
  20 adders
  6 shadow imps
  6 white imps (IceCv)
  6 ufetubi (IceCv)
  An ooze (D:3)
  2 adder zombies
  3 adder skeletons
  2 worms
  10 leopard geckos
  43 orcs
  9 giant cockroaches
  7 goblins
  6 hobgoblins
  9 jackals
  16 kobolds
  2 quokkas
  A ball python (D:2)
  6 bats
  7 frilled lizards
  A quokka skeleton (D:7)
  9 rats
  A bush (Lair:1)
  A fungus (Lair:5)
451 creatures vanquished.

Vanquished Creatures (collateral kills)
  2 hydras
  3 yaks (Lair:4)
  A warg (Lair:6)
6 creatures vanquished.

Vanquished Creatures (others)
  Urug (Lair:4)
  3 white imps (IceCv)
  6 ufetubi (IceCv)
  5 fungi
  12 plants
27 creatures vanquished.

Grand Total: 484 creatures vanquished

Notes
Turn   | Place    | Note
-------+----------+-------------------------------------------
     0 | D:1      | surprisetrex the Minotaur Berserker began the quest for the
                  | Orb.
     0 | D:1      | Reached XP level 1. HP: 19/19 MP: 0/0
   113 | D:1      | Reached skill level 4 in Long Blades
   155 | D:1      | Reached XP level 2. HP: 26/26 MP: 1/1
   482 | D:1      | Reached ** piety under Trog
   483 | D:1      | Reached skill level 5 in Long Blades
   663 | D:1      | Found a sparkling altar of Nemelex Xobeh.
   737 | D:2      | Reached XP level 3. HP: 31/31 MP: 2/2
  1092 | D:2      | Reached XP level 4. HP: 39/39 MP: 3/3
  1110 | D:2      | Reached skill level 6 in Long Blades
  1143 | D:2      | You fall into a shaft and drop 1 floor!
  1252 | D:3      | Noticed a bullfrog
  1257 | D:3      | Killed a bullfrog
  1257 | D:3      | Reached skill level 7 in Long Blades
  1257 | D:3      | Reached XP level 5. HP: 42/45 MP: 4/4
  1345 | D:3      | Reached *** piety under Trog
  1405 | D:3      | Found a glowing silver altar of Zin.
  1405 | D:3      | Found a stormy altar of Qazlal.
  1405 | D:3      | Found a hide-covered altar of Uskayaw.
  2101 | D:4      | Gained mutation: You expend magic power (3 MP) to
                  | strengthen your wands. [potion of mutation]
  2101 | D:4      | Gained mutation: Your flesh is cold resistant. (rC+)
                  | [potion of mutation]
  2101 | D:4      | Gained mutation: You are weak. (Str -2) [potion of
                  | mutation]
  2101 | D:4      | Gained mutation: Your flesh is very cold resistant. (rC++)
                  | [potion of mutation]
  2102 | D:4      | Lost mutation: You are weak. (Str -2) [potion of mutation]
  2102 | D:4      | Lost mutation: You expend magic power (3 MP) to strengthen
                  | your wands. [potion of mutation]
  2102 | D:4      | Gained mutation: You possess an exceptional clarity of
                  | mind. [potion of mutation]
  2102 | D:4      | Gained mutation: You have sharp fingernails. [potion of
                  | mutation]
  2200 | D:4      | Reached skill level 8 in Long Blades
  2231 | D:4      | Found a stormy altar of Qazlal.
  2375 | D:4      | Reached XP level 6. HP: 51/51 MP: 5/5
  2611 | D:4      | Reached skill level 9 in Long Blades
  2784 | D:4      | Reached XP level 7. HP: 57/57 MP: 6/6
  2992 | D:4      | Found Sasm's General Store.
  3008 | D:4      | Bought a potion of lignification for 36 gold pieces
  3212 | D:5      | Entered Level 5 of the Dungeon
  3230 | D:5      | Noticed Grinder
  3240 | D:5      | Killed Grinder
  3240 | D:5      | Reached **** piety under Trog
  3240 | D:5      | Reached skill level 10 in Long Blades
  3580 | D:5      | Reached skill level 11 in Long Blades
  3782 | D:5      | Reached XP level 8. HP: 34/64 MP: 7/7
  4103 | D:5      | Reached skill level 12 in Long Blades
  4983 | D:6      | Reached skill level 13 in Long Blades
  5611 | D:6      | Got a ripped robe
  5622 | D:6      | Identified the +2 robe of Wisdom {Dex+2} (You found it on
                  | level 6 of the Dungeon)
  5682 | D:6      | Reached ***** piety under Trog
  5682 | D:6      | Received a gift from Trog
  5985 | D:7      | Reached XP level 9. HP: 48/71 MP: 8/8
  6194 | D:7      | Found a shattered altar of Ashenzari.
  6340 | D:7      | Reached skill level 5 in Fighting
  6340 | D:7      | Reached skill level 14 in Long Blades
  6416 | D:7      | Found a staircase to the Ecumenical Temple.
  6667 | D:7      | Found a blossoming altar of Fedhas.
  6673 | D:7      | Found a sparkling altar of Nemelex Xobeh.
  6677 | D:7      | Found an ancient bone altar of Kikubaaqudgha.
  6678 | D:7      | Noticed Joseph
  6684 | D:7      | Killed Joseph
  7185 | Temple   | Entered the Ecumenical Temple
  7832 | D:8      | Found Ducaira's General Store.
  7938 | D:8      | Reached skill level 10 in Fighting
  8017 | D:8      | Found a bloodstained altar of Trog.
  8017 | D:8      | Found a burning altar of Makhleb.
  8022 | D:8      | Found a white marble altar of Elyvilon.
  8024 | D:8      | Found a sacrificial altar of Ru.
  8026 | D:8      | Found a glowing golden altar of the Shining One.
  8256 | D:9      | Noticed a troll
  8270 | D:9      | Killed a troll
  8270 | D:9      | Reached XP level 10. HP: 94/94 MP: 9/9
  8614 | D:9      | Paralysed by a hornet for 1 turns
  8618 | D:9      | Received a gift from Trog
  8886 | D:9      | Noticed an obsidian statue
  8937 | D:9      | Killed an obsidian statue
  8959 | D:9      | Found a staircase to the Lair.
  9152 | D:10     | Entered Level 10 of the Dungeon
  9234 | D:10     | Noticed a vault guard
  9244 | D:10     | Killed a vault guard
  9278 | D:10     | Found a portal to a secret trove of treasure.
  9389 | D:10     | Received a gift from Trog
 10043 | D:10     | Found a staircase to the Orcish Mines.
 10141 | D:10     | Reached XP level 11. HP: 102/110 MP: 10/10
 10160 | D:10     | Noticed a green ugly thing
 10167 | D:10     | Killed a green ugly thing
 10167 | D:10     | Reached skill level 5 in Armour
 10585 | D:11     | Noticed a white ugly thing
 10599 | D:11     | Killed a white ugly thing
 11269 | D:11     | Noticed a two-headed ogre
 11273 | D:11     | Killed a two-headed ogre
 11273 | D:11     | Reached skill level 10 in Armour
 11504 | D:11     | Noticed a two-headed ogre
 11511 | D:11     | Killed a two-headed ogre
 11930 | D:12     | Noticed a cyan ugly thing
 11946 | D:12     | Killed a cyan ugly thing
 12140 | Lair:1   | Entered Level 1 of the Lair of Beasts
 12264 | Lair:1   | Reached XP level 12. HP: 106/117 MP: 11/11
 12601 | Lair:1   | Noticed Erica
 12609 | Lair:1   | Killed Erica
 13038 | Lair:1   | Received a gift from Trog
 13509 | Lair:2   | Found a frozen archway.
 13549 | IceCv    | Entered an ice cave
 13733 | IceCv    | Reached skill level 15 in Armour
 14952 | Lair:2   | Found a staircase to the Snake Pit.
 15003 | Lair:2   | You fall into a shaft and drop 2 floors!
 15009 | Lair:4   | Noticed a catoblepas
 15017 | Lair:4   | Killed a catoblepas
 15190 | Lair:4   | Noticed a five-headed hydra
 15206 | Lair:4   | Killed a three-headed hydra
 15380 | Lair:4   | Reached XP level 13. HP: 124/124 MP: 12/12
 15567 | Lair:4   | Noticed Urug
 15578 | Lair:4   | Reached skill level 15 in Long Blades
 15581 | Lair:4   | Your ally died
 15891 | Lair:4   | Found a staircase to the Shoals.
 16375 | Lair:3   | Lost mutation: Your flesh is very cold resistant. (rC++)
                  | [potion of mutation]
 16375 | Lair:3   | Lost mutation: You have sharp fingernails. [potion of
                  | mutation]
 16375 | Lair:3   | Lost mutation: You possess an exceptional clarity of mind.
                  | [potion of mutation]
 16375 | Lair:3   | Gained mutation: You expend magic power (3 MP) to
                  | strengthen your wands. [potion of mutation]
 16375 | Lair:3   | Gained mutation: You have a pair of large horns on your
                  | head. [potion of mutation]
 17111 | Lair:4   | Reached skill level 16 in Long Blades
 17270 | Lair:5   | Noticed Snorg
 17287 | Lair:5   | Killed Snorg
 18093 | Lair:5   | Reached skill level 17 in Long Blades
 18750 | Lair:6   | Entered Level 6 of the Lair of Beasts
 18794 | Lair:6   | Noticed Sonja
 18822 | Lair:6   | Noticed Sonja
 18822 | Lair:6   | Sonja changed into Sonja the fire crab
 18826 | Lair:6   | HP: 6/124 [Sonja the fire crab (15)]
 18828 | Lair:6   | Engulfed by Sonja the fire crab's flame

Levels and vault maps discovered:
D:1:      onia_arrival_pyramid, layout_loops_ring, nemelex_diamond_rough_becter
D:2:      layout_basic
D:3:      layout_basic, chequers_temple_overflow_statue_of_worship
D:4:      layout_cave_pods, serial_shops,
          nicolae_shop_competitors_out_of_business, first_ration,
          grunt_qazlal_clouds
D:5:      layout_rooms, uniq_grinder
D:6:      layout_gridville
D:7:      layout_basic, minitemple, minmay_temple_entry_statues_pillars,
          uniq_joseph
D:8:      layout_rooms, chequers_temple_overflow_minitemple, serial_shops, shop,
          grunt_pizzeria
D:9:      minmay_statue_hallways, layout_basic, lair_entry_dummy
D:10:     layout_gridville, erik_orc_1, enter_trove_5, minmay_misc_feat_pillars
D:11:     nicolae_whirlpool, layout_loops_ring
D:12:     layout_irregular_city, grunt_ministairs_7
Temple:   eino_temple_lava
Lair:1:   minmay_lair_venomous_thicket, layout_misc_corridors,
          serial_bayou_pond_d, uniq_erica
Lair:2:   layout_misc_corridors, minmay_snake_entry_guardpost_small,
          portal_ice_cave_rime, bh_autumn_forest_stairs, disabler_island
Lair:3:   layout_cave_pods
Lair:4:   layout_regular_city, elwin_shoals_entry_rocks, st_stairs_7,
          nicolae_lair_grove_arrangements, forest_entry_grove, uniq_urug
Lair:5:   layout_misc_corridors, minivault_19, grunt_megastairs_5,
          minmay_lair_oklob_chamber, uniq_snorg
Lair:6:   hangedman_lair_tendril_chambers, layout_concentric_octagons,
          hangedman_lair_caniforms_friends, slime_dummy, uniq_sonja

Skill      XL: |  1  2  3  4  5  6  7  8  9 10 11 12 13 |
---------------+----------------------------------------+-----
Long Blades    | 4 5 7 8 9 11 13 14 17 | 17.7
Fighting       | 4 10 14 | 14.0
Armour         | 3 12 16 | 16.0
Dodging        | |  2.1

Action                   |  1- 3 |  4- 6 |  7- 9 | 10-12 | 13-15 || total
-------------------------+-------+-------+-------+-------+-------++-------
Melee: Falchion          |    87 |    93 |   195 |       |       ||   375
       Headbutt          |     7 |    26 |    59 |   111 |    58 ||   261
       Triple sword      |       |       |    86 |   526 |   159 ||   771
Throw: Stone             |    13 |     5 |    43 |    63 |     8 ||   132
Invok: Berserk           |       |     2 |     6 |     5 |     3 ||    16
       Trog's Hand       |       |       |       |     1 |       ||     1
       Brothers in Arms  |       |       |       |     2 |     4 ||     6
Evoke: Wand              |       |       |     1 |     7 |     3 ||    11
       Lightning rod     |       |       |       |       |     1 ||     1
  Use: Potion            |       |     2 |     4 |     4 |     6 ||    16
       Scroll            |       |     1 |     5 |     1 |     1 ||     8
 Stab: Sleeping          |     1 |       |     1 |       |       ||     2
  Eat: Chunk             |     1 |     6 |    13 |    18 |     7 ||    45
       Ration            |       |       |     3 |     4 |     2 ||     9
Armor: Ring mail         |    33 |       |       |       |       ||    33
       Robe              |       |    20 |    43 |     8 |       ||    71
       Chain mail        |       |       |       |   299 |   153 ||   452
Dodge: Dodged            |    55 |    39 |   134 |   313 |    80 ||   621
Block: Other             |       |       |       |    61 |    19 ||    80
       Reflection        |       |       |       |     7 |       ||     7
       Rpst.: Falchion   |    18 |    14 |    19 |       |       ||    51
       Triple sword      |       |       |    15 |    66 |    23 ||   104

Table legend:
 A = Non-vault XP
 B = Vault XP
 C = Vault XP percentage of total XP
 D = Non-vault monster count
 E = Vault monster count
 F = Vault count percentage of total count
                 A         B        C        D         E       F
            +---------+---------+-------+---------+---------+-------
      Total |   43986 |   13595 |  23.6 |     378 |      77 |  16.9
            +---------+---------+-------+---------+---------+-------
        D:1 |      36 |       0 |   0.0 |      24 |       0 |   0.0
        D:2 |      68 |       0 |   0.0 |      24 |       0 |   0.0
        D:3 |     208 |       0 |   0.0 |      22 |       0 |   0.0
        D:4 |     564 |       0 |   0.0 |      12 |       0 |   0.0
        D:5 |     647 |     272 |  29.6 |      28 |       1 |   3.4
        D:6 |     903 |       0 |   0.0 |      29 |       0 |   0.0
        D:7 |     969 |     423 |  30.4 |      18 |       1 |   5.3
        D:8 |    1054 |     215 |  16.9 |      21 |       1 |   4.5
        D:9 |    1922 |     640 |  25.0 |      27 |       1 |   3.6
       D:10 |    3767 |    1573 |  29.5 |      40 |      18 |  31.0
       D:11 |    6049 |     115 |   1.9 |      37 |       1 |   2.6
       D:12 |     657 |       0 |   0.0 |       2 |       0 |   0.0
     Lair:1 |    5512 |    2658 |  32.5 |      24 |      14 |  36.8
     Lair:2 |    1796 |     766 |  29.9 |       8 |       2 |  20.0
     Lair:3 |    1451 |       0 |   0.0 |       6 |       0 |   0.0
     Lair:4 |   12178 |    1573 |  11.4 |      39 |      10 |  20.4
     Lair:5 |    5386 |    1889 |  26.0 |      14 |       4 |  22.2
     Lair:6 |     819 |     465 |  36.2 |       3 |       4 |  57.1
      IceCv |       0 |    3006 | 100.0 |       0 |      20 | 100.0
            +---------+---------+-------+---------+---------+-------
